 Dungeon Crawl Stone Soup version 0.19-a0-1714-gcab94ab (webtiles) character file.

2132 dobroeutro the Basher (level 9, -3/57 HPs)
             Began as a Gargoyle Fighter on Sept 28, 2016.
             Was a Believer of Okawaru.
             Killed by divine providence
             ... invoked by an orc priest
              (14 damage)
             ... on level 7 of the Dungeon.
             The game lasted 00:08:45 (5900 turns).

dobroeutro the Basher (Gargoyle Fighter)            Turns: 5900, Time: 00:08:47

Health: -3/57      AC: 14    Str: 20    XL:     9   Next: 30%
Magic:  9/9        EV:  5    Int:  9    God:    Okawaru [**....]
Gold:   223        SH: 13    Dex: 10    Spells: 0 memorised, 8 levels left

rFire  . . .     SeeInvis .     B - +2 flail (crush)
rCold  . . .     Gourm    .     b - +0 scale mail
rNeg   + . .     Faith    .     C - +0 large shield
rPois  ∞         Spirit   .     (no helmet)
rElec  +         Dismiss  .     (no cloak)
rCorr  .         Reflect  .     (no gloves)
MR     +....     Harm     .     (no boots)
Stlth  .......... Rnd*Tele +    (no amulet)
                                G - ring of protection from magic
                                v - +2 ring of slaying

@: no status effects
A: fangs 1, negative energy resistance 1, electricity resistance, teleportitis
1, weak 1, unbreathing, petrification resistance, rot immunity, AC +5
a: Heroism, Renounce Religion


You were on level 7 of the Dungeon.
You worshipped Okawaru.
Okawaru was pleased with you.
You were not hungry.

You visited 2 branches of the dungeon, and saw 9 of its levels.

You collected 498 gold pieces.
You spent 275 gold pieces at shops.

Inventory:

Hand Weapons
 a - a +1 flail
 B - a +2 flail of crushing (weapon)
Armour
 b - a +0 scale mail (worn)
 y - a +0 plate armour
 C - a +0 large shield (worn)
Jewellery
 q - an uncursed ring of fire
 v - a +2 ring of slaying (left hand)
 G - a ring of protection from magic (right hand)
Wands
 r - a wand of digging (16/24)
 D - a wand of confusion (7/48)
 E - a wand of flame (29/48)
Scrolls
 e - 2 scrolls of enchant weapon
 g - 3 scrolls of remove curse
 h - 3 scrolls of teleportation {unknown}
 i - 3 scrolls of magic mapping {unknown}
 l - 5 scrolls of identify {unknown}
 o - 2 scrolls of recharging {unknown}
 x - 2 scrolls of amnesia {unknown}
 A - a scroll of immolation {unknown}
 F - a scroll of fog {unknown}
 J - a scroll of random uselessness {unknown}
Potions
 d - a potion of might
 j - a potion of degeneration {unknown}
 k - 2 potions of lignification {unknown}
 m - 4 potions of heal wounds {unknown}
 p - 3 potions of brilliance {unknown}
 t - a potion of mutation {unknown}
 u - a potion of cure mutation {unknown}
 w - a potion of ambrosia {unknown}
 z - a potion of invisibility {unknown}
 H - 2 potions of flight {unknown}
 I - a potion of curing {unknown}
Comestibles
 c - 6 chunks of flesh
 f - 4 bread rations
 n - 3 meat rations
 s - a fruit


   Skills:
 + Level 7.4 Fighting
 * Level 8.8 Maces & Flails
 + Level 7.1 Armour
 - Level 3.2 Shields


You had 8 spell levels left.
You didn't know any spells.

Dungeon Overview and Level Annotations

Branches:
Dungeon (8/15)             Temple (1/1) D:4
   Lair: D:8-11

Altars:
Ashenzari
Cheibriados
Elyvilon
Fedhas
Hepliaklqana
Kikubaaqudgha
Makhleb
Nemelex Xobeh
Okawaru
Qazlal
Sif Muna
Trog
Uskayaw
Vehumet
Xom
Yredelemnul
Zin
The Shining One

Shops:
D:5 =

Annotations:
D:7 no0bjke's ghost, novice TrMo


Innate Abilities, Weirdness & Mutations

You are resistant to torment.
Your stone body is resilient. (AC +5)
You are immune to poison.
You resist negative energy. (rN+)
You are resistant to electric shocks. (rElec)
You can survive without breathing.
You are immune to petrification.
You are immune to rotting.
You have very sharp teeth.
You are occasionally teleported next to monsters.
You are weak. (Str -2)


Message History

The orc priest shouts!
The orc warrior hits you with a hand axe.
The orc warrior barely misses you. You block the jackal's attack.
The hound zombie bites you.
The orc priest mumbles some strange prayers to Beogh against you.
Beogh smites you! You block the jackal's attack.
The orc priest calls down the wrath of Beogh upon you.
Beogh smites you!
* * * LOW HITPOINT WARNING * * *
You block the hound zombie's attack. You block the orc warrior's attack.
An orc comes into view. It is wielding a mace.
The orc shouts!
The orc wizard shouts! x2
You block the jackal's attack.
The hound zombie bites you but does no damage.
You miss the orc wizard.
The jackal bites you but does no damage.
The orc priest invokes the aid of Beogh against you.
Beogh smites you!
You die...

#### #. o.... #.# ....>
#.# ..... #.##########..#
#.....o.#h.oo.##
#.o..[.oh@o....#
##(o....ohZ......#
###......o........[..
#####......!...........#.
#?.................?..<#
.......................#
...)............=.....##
.........#.....#.....##
............####.##...


You could see 2 orc warriors, 2 orc priests, 2 orc wizards, 3 orcs, a hound
zombie and 3 jackals.

Vanquished Creatures
  Sigmund (D:4)
  Edmund (D:4)
  Menkaure (D:5)
  2 water moccasins
  A sky beast (D:5)
  A black bear (D:6)
  2 phantoms
  A bullfrog (D:4)
  2 scorpions (D:6)
  6 electric eels (D:5)
  2 crimson imps (D:6)
  A centaur zombie (D:6)
  A jelly (D:7)
  2 hounds
  A centaur skeleton (D:6)
  An orc priest (D:4)
  3 orc wizards (D:6)
  A bullfrog skeleton (D:5)
  An iguana (D:4)
  7 worker ants
  6 adders
  3 gnolls (D:5)
  An ooze (D:3)
  An adder zombie (D:5)
  8 worms
  A dart slug (D:1)
  3 leopard geckos
  16 orcs
  4 bats
  5 giant cockroaches
  7 goblins
  4 hobgoblins
  10 jackals
  3 quokkas
  A ball python (D:1)
  4 frilled lizards
  9 kobolds
  A quokka skeleton (D:4)
  10 rats
135 creatures vanquished.

Vanquished Creatures (others)
  An adder (D:5)
  3 plants (D:5)
4 creatures vanquished.

Grand Total: 139 creatures vanquished

Notes
Turn   | Place    | Note
-------+----------+-------------------------------------------
     0 | D:1      | dobroeutro the Gargoyle Fighter began the quest for the Orb.
     0 | D:1      | Reached XP level 1. HP: 14/14 MP: 1/1
    64 | D:1      | Reached XP level 2. HP: 14/19 MP: 2/2
   700 | D:2      | Reached XP level 3. HP: 15/24 MP: 3/3
   881 | D:2      | Reached skill level 3 in Maces & Flails
   954 | D:2      | Reached XP level 4. HP: 29/29 MP: 4/4
  1130 | D:2      | Noticed a moth of wrath
  1133 | D:2      | Found a bloodstained altar of Trog.
  1349 | D:2      | Found a sparkling altar of Nemelex Xobeh.
  1349 | D:2      | Found a radiant altar of Vehumet.
  1349 | D:2      | Found a white marble altar of Elyvilon.
  1352 | D:2      | Found a stormy altar of Qazlal.
  1353 | D:2      | Found a glowing silver altar of Zin.
  1354 | D:2      | Found a burning altar of Makhleb.
  1528 | D:3      | Found a hide-covered altar of Uskayaw.
  1710 | D:3      | Found a hazy altar of Hepliaklqana.
  2060 | D:3      | Reached XP level 5. HP: 33/34 MP: 5/5
  2353 | D:4      | Noticed Sigmund
  2363 | D:4      | Killed Sigmund
  2363 | D:4      | Reached skill level 5 in Fighting
  2363 | D:4      | Reached skill level 4 in Maces & Flails
  2363 | D:4      | Reached XP level 6. HP: 32/40 MP: 6/6
  2416 | D:4      | Found a staircase to the Ecumenical Temple.
  2425 | Temple   | Entered the Ecumenical Temple
  2481 | Temple   | Became a worshipper of Warmaster Okawaru
  2668 | D:4      | Noticed a phantom
  2693 | D:4      | Killed a phantom
  2693 | D:4      | Reached skill level 5 in Maces & Flails
  2733 | D:4      | Reached XP level 7. HP: 36/44 MP: 7/7
  2764 | D:4      | Reached skill level 5 in Armour
  2938 | D:4      | Noticed Edmund
  2954 | D:4      | Killed Edmund
  2954 | D:4      | Reached * piety under Okawaru
  3045 | D:5      | Entered Level 5 of the Dungeon
  3087 | D:5      | Reached skill level 6 in Maces & Flails
  3538 | D:5      | You fall through a shaft for 3 floors!
  3592 | D:7      | Noticed no0bjke's ghost (novice TrMo)
  3672 | D:6      | Reached XP level 8. HP: 51/51 MP: 8/8
  3886 | D:5      | Found Nouseudgh's Jewellery Shop.
  3913 | D:5      | Bought an uncursed ring of protection from magic for 275 gold pieces
  3985 | D:5      | Noticed Menkaure
  3991 | D:5      | Killed Menkaure
  3991 | D:5      | Reached ** piety under Okawaru
  3991 | D:5      | Reached skill level 7 in Maces & Flails
  4042 | D:5      | Gained mutation: You have very sharp teeth. [mutagenic meat]
  4045 | D:5      | Gained mutation: You are occasionally teleported next to monsters. [mutagenic meat]
  4051 | D:5      | Gained mutation: You are weak. (Str -2) [mutagenic meat]
  4871 | D:5      | Reached skill level 8 in Maces & Flails
  5177 | D:6      | Reached XP level 9. HP: 55/57 MP: 9/9
  5900 | D:7      | Killed from afar by an orc priest

Vault maps used:
D:1:      matt_arrival_refuge, minmay_misc_feat_iff, minmay_small_reverse_x
D:2:      tgw_trog, minitemple
D:3:      nicolae_overflow_crystal_walls, old_standard_altar
D:4:      first_bread, uniq_edmund, uniq_sigmund
D:5:      cheibrodos_two_vegetables, serial_shops, nicolae_shop_waterfront,
          serial_bayou_lake_a, uniq_menkaure
D:7:      kennysheep_mini_moat, nicolae_ru_sacrificial_ziggurat, the_bakery
D:8:      grunt_gozag_breadcrumbs
Temple:   compressed_dpeg_triangle_lava_temple

Skill      XL: |  1  2  3  4  5  6  7  8  9 |
---------------+----------------------------+-----
Fighting       | 4 5 7 |  7.4
Maces & Flails | 3 4 5 6 8 |  8.8
Armour         | 4 5 6 7 |  7.1
Shields        | |  3.2

Action                   |  1- 3 |  4- 6 |  7- 9 || total
-------------------------+-------+-------+-------++-------
Melee: Flail             |   108 |   187 |   287 ||   582
       Bite              |       |       |     9 ||     9
  Use: Scroll            |       |     2 |       ||     2
  Eat: Chunk             |       |     6 |    14 ||    20
       Fruit             |       |       |     1 ||     1
Armor: Scale mail        |    53 |    73 |   129 ||   255
Dodge: Dodged            |    39 |    54 |    70 ||   163
Block: Shield            |    63 |    78 |    72 ||   213
       Large shield      |       |       |    52 ||    52
